 Dungeon Crawl Stone Soup version 0.22.0-49-gab54619674 (webtiles) character file.

103 JedernureinKreuz the Conjurer (level 4, -2/32 HPs)
             Began as a Gnoll Conjurer on Sept 9, 2018.
             Slain by Ijyb
             ... wielding a +7 antimagic dagger
              (3 damage)
             ... on level 3 of the Dungeon.
             The game lasted 00:08:16 (2186 turns).

JedernureinKreuz the Conjurer (Gnoll Conjurer)      Turns: 2186, Time: 00:08:16

Health: -2/32      AC:  3    Str: 10    XL:     4   Next: 79%
Magic:  0/11       EV: 14    Int: 19    God:
Gold:   119        SH:  0    Dex: 15    Spells: 5/13 levels left

rFire    . . .     SeeInvis .   p - +0 spear
rCold    . . .     Gourm    .   (no shield)
rNeg     . . .     Faith    .   f - +0 leather armour
rPois    .         Spirit   .   (no helmet)
rElec    .         Reflect  .   b - scarf {repulsion}
rCorr    .         Harm     .   (no gloves)
MR       .....                  (no boots)
Stlth    ++........             (no amulet)
HPRegen  0.10/turn              (no ring)
MPRegen  0.12/turn              (no ring)

@: repel missiles
A: distributed training, fangs 1, strong nose
a: no special abilities


You were on level 3 of the Dungeon.
You were not hungry.

You visited 1 branch of the dungeon, and saw 3 of its levels.

You collected 119 gold pieces.

Inventory:

Hand Weapons
 h - a +0 club
 p - a +0 spear (weapon)
 w - a +4 whip
Missiles
 n - 64 stones (quivered)
 o - 18 sling bullets
 q - 9 poisoned needles
Armour
 a - a +0 robe
 b - a scarf of repulsion (worn)
 f - a +0 leather armour (worn)
 g - a +0 ring mail of poison resistance
Jewellery
 u - an uncursed ring of resist corrosion {unknown}
Scrolls
 j - 2 scrolls of identify {unknown}
 k - 5 scrolls of remove curse {unknown}
 l - 6 scrolls of teleportation {unknown}
 m - 2 scrolls of amnesia {unknown}
Potions
 d - 3 potions of curing {unknown}
 e - a potion of agility {unknown}
 i - a potion of flight {unknown}
 r - a potion of brilliance {unknown}
 s - a potion of haste {unknown}
 t - a potion of might {unknown}
 v - a potion of heal wounds {unknown}
Comestibles
 c - 9 rations


   Skills:
 + Level 1.2 Fighting
 + Level 1.2 Short Blades
 + Level 1.2 Long Blades
 + Level 1.2 Axes
 + Level 1.2 Maces & Flails
 + Level 1.2 Polearms
 + Level 1.2 Staves
 + Level 1.2 Slings
 + Level 1.2 Bows
 + Level 1.2 Crossbows
 + Level 1.2 Throwing
 + Level 1.2 Armour
 + Level 4.7 Dodging
 + Level 4.3 Stealth
 + Level 1.2 Shields
 + Level 1.2 Unarmed Combat
 + Level 5.1 Spellcasting
 + Level 7.1 Conjurations
 + Level 1.0 Hexes
 + Level 1.0 Charms
 + Level 1.0 Summonings
 + Level 1.0 Necromancy
 + Level 1.0 Translocations
 + Level 1.0 Transmutations
 + Level 1.0 Fire Magic
 + Level 1.0 Ice Magic
 + Level 1.0 Air Magic
 + Level 1.0 Earth Magic
 + Level 1.0 Poison Magic
 + Level 1.3 Invocations
 + Level 1.2 Evocations


You had 5 spell levels left.
You knew the following spells:

 Your Spells              Type           Power        Failure   Level  Hunger
a - Magic Dart            Conj           ####         1%          1    None
b - Iskenderun's Mystic   Conj           ####....     9%          4    ####...
c - Dazzling Spray        Conj/Hex       ###...       9%          3    ##.....

Your spell library contained the following spells:

 Spells                   Type           Power        Failure   Level  Hunger
 Searing Ray              Conj           ####..       1%          2    #......
 Force Lance              Conj/Tloc      ###.....     30%         4    ####...
 Fulminant Prism          Conj/Hex       ###.......   30%         4    ####...


Dungeon Overview and Level Annotations

Branches:
Dungeon (3/15)

Altars:
Xom
Yredelemnul

Annotations:
D:3 Ijyb


Innate Abilities, Weirdness & Mutations

Your experience applies equally to all skills.
You have very sharp teeth.
Your uncanny sense of smell can sniff out nearby items.


Message History

Ijyb hits you with an antimagic dagger.
* * * LOW HITPOINT WARNING * * *
You hit Ijyb but do no damage. You bite Ijyb, but do no damage.
Ijyb is severely wounded.
Ijyb barely misses you.
Casting: Magic Dart (safe; 1% risk of failure)
Confirm with . or Enter, or press ? or * to list all spells.
Aiming: Magic Dart (safe; 1% risk of failure)
Press: ? - help, Shift-Dir - straight line, f/p - Ijyb
Aim: Ijyb, wielding an antimagic dagger, wearing a scale mail and carrying a The magic dart hits Ijyb.
Ijyb is severely wounded.
Ijyb zaps a wand.
You resist with some effort.
You hit Ijyb but do no damage.
Ijyb is severely wounded.
Ijyb misses you.
You hit Ijyb but do no damage.
Ijyb is severely wounded.
Ijyb hits you with an antimagic dagger.
You die...

#.....#
#)# #.#
#.# #.#
#.# #.#
#.# #.#
#@# #g#
#.# #.#
#.# #.#
#.# ..#


You could see Ijyb.

Vanquished Creatures
  3 gnolls (D:2)
  An adder (D:2)
  An ooze (D:1)
  A dart slug (D:1)
  5 leopard geckos
  An orc (D:3)
  8 bats
  3 giant cockroaches
  2 goblins
  6 hobgoblins
  7 jackals (D:1)
  3 kobolds
  4 frilled lizards
  4 rats
49 creatures vanquished.

Notes
Turn   | Place    | Note
-------+----------+-------------------------------------------
     0 | D:1      | JedernureinKreuz the Gnoll Conjurer began the quest for the
                  | Orb.
     0 | D:1      | Reached XP level 1. HP: 13/13 MP: 6/6
   110 | D:1      | Reached XP level 2. HP: 19/19 MP: 1/7
   714 | D:1      | Reached skill level 5 in Spellcasting
   714 | D:1      | Reached XP level 3. HP: 23/25 MP: 1/9
  1118 | D:2      | Reached skill level 1 in Invocations
  1156 | D:2      | Found a basalt altar of Yredelemnul.
  1192 | D:2      | Found a shimmering altar of Xom.
  1224 | D:2      | Reached skill level 1 in Fighting
  1224 | D:2      | Reached skill level 1 in Short Blades
  1224 | D:2      | Reached skill level 1 in Long Blades
  1224 | D:2      | Reached skill level 1 in Axes
  1224 | D:2      | Reached skill level 1 in Maces & Flails
  1224 | D:2      | Reached skill level 1 in Polearms
  1224 | D:2      | Reached skill level 1 in Staves
  1224 | D:2      | Reached skill level 1 in Slings
  1224 | D:2      | Reached skill level 1 in Bows
  1224 | D:2      | Reached skill level 1 in Crossbows
  1224 | D:2      | Reached skill level 1 in Throwing
  1224 | D:2      | Reached skill level 1 in Armour
  1224 | D:2      | Reached skill level 1 in Shields
  1224 | D:2      | Reached skill level 1 in Unarmed Combat
  1224 | D:2      | Reached skill level 1 in Evocations
  1233 | D:2      | Reached XP level 4. HP: 32/32 MP: 1/11
  1580 | D:2      | Reached skill level 1 in Hexes
  1580 | D:2      | Reached skill level 1 in Charms
  1580 | D:2      | Reached skill level 1 in Summonings
  1580 | D:2      | Reached skill level 1 in Necromancy
  1580 | D:2      | Reached skill level 1 in Translocations
  1580 | D:2      | Reached skill level 1 in Transmutations
  1580 | D:2      | Reached skill level 1 in Fire Magic
  1580 | D:2      | Reached skill level 1 in Ice Magic
  1580 | D:2      | Reached skill level 1 in Air Magic
  1580 | D:2      | Reached skill level 1 in Earth Magic
  1580 | D:2      | Reached skill level 1 in Poison Magic
  1588 | D:2      | Learned a level 4 spell: Iskenderun's Mystic Blast
  1592 | D:2      | Learned a level 3 spell: Dazzling Spray
  2155 | D:3      | Noticed Ijyb
  2164 | D:3      | Paralysed by Ijyb for 4 turns
  2171 | D:3      | Paralysed by Ijyb for 3 turns
  2182 | D:3      | HP: 1/32 [Ijyb/antimagic dagger (6)]
  2186 | D:3      | Slain by Ijyb

Skill      XL: |  1  2  3  4 |
---------------+-------------+-----
Spellcasting   | 5 |  5.1
Invocations    | 1 |  1.3
Fighting       | 1 |  1.2
Short Blades   | 1 |  1.2
Long Blades    | 1 |  1.2
Axes           | 1 |  1.2
Maces & Flails | 1 |  1.2
Polearms       | 1 |  1.2
Staves         | 1 |  1.2
Slings         | 1 |  1.2
Bows           | 1 |  1.2
Crossbows      | 1 |  1.2
Throwing       | 1 |  1.2
Armour         | 1 |  1.2
Shields        | 1 |  1.2
Unarmed Combat | 1 |  1.2
Evocations     | 1 |  1.2
Hexes          | 1 |  1.0
Charms         | 1 |  1.0
Summonings     | 1 |  1.0
Necromancy     | 1 |  1.0
Translocations | 1 |  1.0
Transmutations | 1 |  1.0
Fire Magic     | 1 |  1.0
Ice Magic      | 1 |  1.0
Air Magic      | 1 |  1.0
Earth Magic    | 1 |  1.0
Poison Magic   | 1 |  1.0
Dodging        | |  4.7
Stealth        | |  4.3
Conjurations   | |  7.1

Action                   |  1- 3 |  4- 6 || total
-------------------------+-------+-------++-------
Melee: Unarmed           |    16 |       ||    16
       Club              |     7 |       ||     7
       Spear             |     7 |    31 ||    38
       Bite              |       |     3 ||     3
 Cast: Magic Dart        |    58 |    30 ||    88
 Stab: Sleeping          |     2 |     2 ||     4
  Eat: Chunk             |     1 |     2 ||     3
       Ration            |       |     1 ||     1
Armor: Leather armour    |     5 |     2 ||     7
       Robe              |     4 |       ||     4
Dodge: Dodged            |    31 |    16 ||    47
